 Dungeon Crawl Stone Soup version 0.30-a0-305-g026cb31310 (webtiles) character file.

Game seed: 1117048390698397668

82 Bnni the Sneak (level 4, -4/22 HPs)
             Began as a Vine Stalker Enchanter on Oct 23, 2022.
             Slain by a gnoll
             ... wielding a +0 flail
              (10 damage)
             ... on level 2 of the Dungeon.
             The game lasted 00:03:18 (1217 turns).

Bnni the Sneak (Vine Stalker Enchanter)             Turns: 1217, Time: 00:03:18

Health: -4/22      AC:  2    Str: 11    XL:     4   Next: 43%
Magic:  0/8        EV: 12    Int: 15    God:
Gold:   70         SH:  0    Dex: 16    Spells: 2/7 levels left

rFire   . . .      SeeInvis .    a - +1 dagger
rCold   . . .      Faith    .    (no shield)
rNeg    . . .      Spirit   +    b - +0 robe
rPois   .          Reflect  .    (no helmet)
rElec   .          Harm     .    (no cloak)
rCorr   .          Rampage  .    (no gloves)
Will    .....                    (no boots)
Stlth   +++.......               (no amulet)
HPRegen 1.03/turn                (no ring)
MPRegen 0.11/turn                (no ring)

@: no status effects
A: fangs 2, regeneration 1, magic shield, antimagic bite, no potion heal 2
a: no special abilities


You were on level 2 of the Dungeon.
You visited 1 branch of the dungeon, and saw 2 of its levels.

You collected 70 gold pieces.

Inventory:

Hand Weapons
 a - a +1 dagger (weapon)
Missiles
 l - 5 poisoned darts (quivered)
Armour
 b - a +0 robe (worn)
Jewellery
 i - a ring of fire
Scrolls
 d - 2 scrolls of identify {unknown}
 e - 3 scrolls of enchant armour {unknown}
 j - a scroll of poison {unknown}
 k - a scroll of silence {unknown}
 m - 2 scrolls of teleportation {unknown}
Potions
 f - a potion of curing {unknown}
 g - a potion of ambrosia {unknown}
 h - a potion of cancellation {unknown}


   Skills:
 + Level 1.2 Fighting
 * Level 2.2 Short Blades
 - Level 1.5 Dodging
 * Level 4.9 Stealth
 - Level 2.1 Spellcasting
 + Level 3.2 Hexes


You had 2 spell levels left.
You knew the following spells:

 Your Spells              Type           Power      Damage    Failure   Level
a - Ensorcelled Hibernat  Hex/Ice        12%        N/A       17%         2
b - Confusing Touch       Hex            11%        N/A       17%         3

Your spell library contained the following spells:

 Spells                   Type           Power      Damage    Failure   Level
 Tukima's Dance           Hex            11%        N/A       17%         3
 Dazzling Flash           Conj/Hex       12%        N/A       34%         3


Dungeon Overview and Level Annotations

Branches:
Dungeon (2/15)

Altars:


Innate Abilities, Weirdness & Mutations

You have extremely sharp teeth.
Your natural rate of healing is unusually fast.
When hurt, damage is shared between your health and your magic reserves.
Your bite disrupts and absorbs the magic of your enemies.
Potions cannot restore your health.


Message History

The gnoll is moderately wounded.
The gnoll hits you with a +0 club.
You hit the gnoll.
The gnoll is moderately wounded.
You strike the helpless gnoll from behind!
You puncture the gnoll!
You kill the gnoll!
Items here: )) ††.
Things that are here:
a +0 spear; a gnoll corpse You flicker for a moment.
You flicker back into view.
A gnoll is nearby!
Found a ring mail.
You barely miss the gnoll.
The gnoll shouts!
Your bite misses the gnoll. The gnoll closely misses you.
You hit the gnoll but do no damage. The gnoll hits you with a +0 flail!
You hit the gnoll. Your bite misses the gnoll.
The gnoll is moderately wounded.
The gnoll closely misses you.
You hit the gnoll but do no damage. You bite the gnoll, but do no damage.
The gnoll is moderately wounded.
The gnoll hits you with a +0 flail!
You are too injured to fight recklessly!
You hit the gnoll. You bite the gnoll, but do no damage.
The gnoll is moderately wounded.
The gnoll hits you but does no damage.
You closely miss the gnoll.
The gnoll is moderately wounded.
The gnoll hits you with a +0 flail.
* * * LOW HITPOINT WARNING * * *
Okay, then.
You completely miss the gnoll.
The gnoll is moderately wounded.
The gnoll barely misses you.
You hit the gnoll but do no damage.
The gnoll is moderately wounded.
The gnoll hits you with a +0 flail!
You die...

. #.#####. #.# #. ...
##J###### .... #..#.....
.... #.#...... [....
#........ .....######
#........
..........######........
#.....@g...............
###............#.......
..#............#.......
#...........##.........
###..........#####.....
#.........#..).).....#
#..........########..##
#..#.......># #..#
...######..## ###.#


You could see a gnoll.

Vanquished Creatures
  3 gnolls (D:2)
  An adder (D:2)
  3 dart slugs
  5 ball pythons
  6 endoplasms
  3 giant cockroaches
  A goblin (D:1)
  3 hobgoblins
  2 jackals (D:2)
  4 kobolds
  2 quokkas (D:2)
  A bat (D:1)
  A frilled lizard (D:1)
  4 rats
39 creatures vanquished.

Vanquished Creatures (others)
  12 plants (D:2)
  7 toadstools (D:1)
19 creatures vanquished.

Grand Total: 58 creatures vanquished

Notes
Turn   | Place    | Note
-------+----------+-------------------------------------------
     0 | D:1      | Bnni the Vine Stalker Enchanter began the quest for the
                  | Orb.
     0 | D:1      | Reached XP level 1. HP: 9/9 MP: 4/4
    47 | D:1      | Reached skill level 1 in Short Blades
   230 | D:1      | Reached skill level 4 in Stealth
   230 | D:1      | Reached XP level 2. HP: 14/14 MP: 6/6
   763 | D:2      | Reached XP level 3. HP: 16/17 MP: 7/7
   766 | D:2      | Learned a level 2 spell: Ensorcelled Hibernation
   770 | D:2      | Learned a level 3 spell: Confusing Touch
  1019 | D:2      | Reached skill level 1 in Fighting
  1171 | D:2      | Gained mutation: Your natural rate of healing is unusually
                  | fast. [Vine Stalker growth]
  1171 | D:2      | Reached XP level 4. HP: 9/22 MP: 4/8
  1217 | D:2      | Slain by a gnoll

Illustrated notes

Levels and vault maps discovered:
D:1:      nagdon_arrival_zigzag_paths, layout_basic, palyth_stone_intersect
D:2:      layout_rooms, supply_closet_lemuel, chequers_big_river

Skill      XL: |  1  2  3 |
---------------+----------+-----
Short Blades   | 1 2 |  2.2
Stealth        | 4 |  4.9
Fighting       | 1 |  1.2
Dodging        | |  1.5
Spellcasting   | |  2.1
Hexes          | |  3.2

Action                   |  1- 3 |  4- 6 || total
-------------------------+-------+-------++-------
Melee: Dagger            |   121 |    15 ||   136
       Bite              |    26 |     2 ||    28
       Punch             |     2 |       ||     2
 Cast: Ensorcelled Hiber |     1 |       ||     1
  Use: Potion            |     2 |       ||     2
 Stab: Sleeping          |     5 |       ||     5
       Invisible         |     1 |     2 ||     3
       Distracted        |     1 |       ||     1
Armor: Robe              |    17 |     1 ||    18
Dodge: Dodged            |    70 |     6 ||    76

Table legend: (Time is in decaauts)
 A = Elapsed time spent in this place.
 B = Non-inter-level travel time spent in this place.
 C = Inter-level travel time spent in this place.
 D = Time resting spent in this place.
 E = Time spent auto-exploring this place.
 F = Levels seen in this place.
 G = Mean time per level.
                   A        B        C        D        E       F      G
               +--------+--------+--------+--------+--------+-----+--------+
         Total |   1207 |   1172 |     35 |    104 |    697 |   2 |  603.5 |
       Dungeon |   1207 |   1172 |     35 |    104 |    697 |   2 |  603.5 |
               +--------+--------+--------+--------+--------+-----+--------+

Top non-repeatable levels by time:
     D:1: 747 daAuts
     D:2: 459 daAuts
